 Dungeon Crawl Stone Soup version 0.22-a0-110-g5b255cf (console) character file.

45751 Evablue the Unseen (level 14, -32/62 HPs)
             Began as a Felid Enchanter on Jan 28, 2018.
             Was the Champion of Dithmenos.
             Killed from afar by Azrael (33 damage)
             ... with a fireball
             ... on level 14 of the Dungeon.
             The game lasted 02:04:35 (30067 turns).

Evablue the Unseen (Felid Enchanter)               Turns: 30067, Time: 02:04:36

Health: -32/62     AC:  9    Str:  4    XL:     14   Next: 2%
Magic:  34/34      EV: 36    Int: 20    God:    Dithmenos [******]
Gold:   2527       SH:  0    Dex: 16    Spells: 3/27 levels left
                                        Lives:  0   Deaths: 4

rFire    . . .     SeeInvis +     - Unarmed
rCold    + . .     Gourm    .   (shield unavailable)
rNeg     . . .     Faith    .   (armour unavailable)
rPois    +         Spirit   .   (helmet unavailable)
rElec    .         Reflect  .   (cloak unavailable)
rCorr    .         Harm     .   (gloves unavailable)
MR       ++...                  (boots unavailable)
Stlth    ++++++++++             R - amulet of the Queen {Regen+ MP+9 Dex-2 SInv}
HPRegen  0.60/turn              E - +5 ring of evasion
MPRegen  0.24/turn              G - +4 ring of protection

@: about to teleport, wreathed by umbra, quick
A: very small, no armour, no weapons or thrown items, stealth, claws 1, fangs 3,
iridescent scales 1, see invisible, carnivore, speed 1, poison resistance,
shaggy fur 3, slow metabolism 1, sharp paws
a: Shadow Step, Shadow Form, Renounce Religion


You were on level 14 of the Dungeon.
You worshipped Dithmenos.
Dithmenos was exalted by your worship.
You were not hungry.

You visited 4 branches of the dungeon, and saw 23 of its levels.
You also visited: Labyrinth and Sewer.

You collected 2527 gold pieces.

Inventory:

Jewellery
 e - an uncursed ring of protection from magic
 h - an uncursed ring of resist corrosion
 p - an uncursed ring of wizardry
 w - an uncursed amulet of magic regeneration
 C - an uncursed ring of flight
 E - a +5 ring of evasion (left paw)
 G - a +4 ring of protection (right paw)
 M - an uncursed ring of protection from cold
 O - an uncursed ring of protection from fire
 R - the amulet of the Queen (around neck) {Regen+ MP+9 Dex-2 SInv}
   (You found it on level 2 of the Lair of Beasts)

   [amulet of regeneration]

   It affects your dexterity (-2).
   It affects your magic capacity (+9).
   It lets you see invisible.
   It increases your rate of regeneration.
 S - an uncursed ring of protection from fire
Wands
 m - a wand of polymorph (15)
 q - a wand of paralysis (51)
 v - a wand of scattershot (12)
 y - a wand of iceblast (12)
 z - a wand of acid (21)
 U - a wand of disintegration (17)
 Y - a wand of digging (17)
 Z - a wand of enslavement (16)
Scrolls
 k - 14 scrolls of remove curse
 l - 2 scrolls of fog {unknown}
 n - a scroll of identify
 s - 3 scrolls of magic mapping {unknown}
 u - 12 scrolls of teleportation
 x - 4 scrolls of brand weapon {unknown}
 B - 5 scrolls of fear {unknown}
 D - 2 scrolls of noise {unknown}
 F - a scroll of enchant weapon {unknown}
 I - 2 scrolls of amnesia {unknown}
 P - a scroll of holy word {unknown}
 Q - a scroll of torment {unknown}
 V - 5 scrolls of blinking {unknown}
 W - a scroll of summoning {unknown}
 X - 2 scrolls of random uselessness {unknown}
Potions
 c - 3 potions of heal wounds
 d - 2 potions of berserk rage
 f - 8 potions of might
 g - 4 potions of curing
 j - 2 potions of brilliance
 o - 5 potions of flight
 r - 4 potions of magic
 t - 3 potions of agility
 H - 2 potions of lignification
 J - a potion of cancellation
 K - 3 potions of haste
Books
 a - a book of Maledictions

   Spells                             Type                      Level
   a - Corona                         Hexes                        1
   b - Ensorcelled Hibernation        Hexes/Ice                    2
   c - Confuse                        Hexes                        3
   d - Tukima's Dance                 Hexes                        3
   e - Dazzling Spray                 Conjuration/Hexes            3
 i - a book of Cantrips

   Spells                             Type                      Level
   a - Confusing Touch                Hexes                        1
   b - Animate Skeleton               Necromancy                   1
   c - Summon Small Mammal            Summoning                    1
   d - Apportation                    Translocation                1
 A - a book of Party Tricks

   Spells                             Type                      Level
   a - Summon Butterflies             Summoning                    1
   b - Apportation                    Translocation                1
   c - Lesser Beckoning               Translocation                3
   d - Tukima's Dance                 Hexes                        3
   e - Alistair's Intoxication        Transmutation/Poison         5
   f - Invisibility                   Hexes                        6
 L - a book of Transfigurations

   Spells                             Type                      Level
   a - Irradiate                      Conjuration/Transmutation    5
   b - Statue Form                    Transmutation/Earth          6
   c - Hydra Form                     Transmutation                6
   d - Dragon Form                    Transmutation                7
 N - a book of Callings

   Spells                             Type                      Level
   a - Summon Small Mammal            Summoning                    1
   b - Call Imp                       Summoning                    2
   c - Call Canine Familiar           Summoning                    3
   d - Summon Guardian Golem          Hexes/Summoning              3
   e - Summon Lightning Spire         Summoning/Air                4
   f - Summon Ice Beast               Ice/Summoning                4
 T - a book of Spatial Translocations

   Spells                             Type                      Level
   a - Blink                          Translocation                2
   b - Shroud of Golubria             Charms/Translocation         2
   c - Lesser Beckoning               Translocation                3
   d - Gell's Gravitas                Translocation                3
   e - Teleport Other                 Translocation                3
   f - Passage of Golubria            Translocation                4
Comestibles
 b - 53 rations


   Skills:
 - Level 7.6 Fighting
 - Level 15.0 Dodging
 - Level 18.7 Stealth
 - Level 13.2 Unarmed Combat
 - Level 7.0 Spellcasting
 - Level 5.0 Conjurations
 - Level 10.8 Hexes
 - Level 7.0 Transmutations
 - Level 1.0 Ice Magic
 + Level 7.6 Earth Magic


You had 3 spell levels left.
You knew the following spells:

 Your Spells              Type           Power        Failure   Level  Hunger
a - Corona                Hex            ######.      1%          1    None
b - Ensorcelled Hibernat  Hex/Ice        ####..       1%          2    None
c - Confuse               Hex            ######..     1%          3    #......
d - Dazzling Spray        Conj/Hex       #####.       1%          3    #......
e - Regeneration          Chrm/Necr      #.........   28%         3    #......
f - Fulminant Prism       Conj/Hex       #####.....   3%          4    ###....
g - Blink                 Tloc           N/A          14%         2    None
h - Statue Form           Tmut/Erth      #####....    56%         6    ######.


Dungeon Overview and Level Annotations

Branches:
Dungeon (14/15)            Temple (1/1) D:5            Lair (6/6) D:10
 Shoals (0/4) Lair:3        Snake (0/4) Lair:4        Slime (0/5) Lair:5
    Orc (2/2) D:9             Elf (0/3) Orc:2        Vaults (0/5) D:14

Altars:
Ashenzari
Cheibriados
Dithmenos
Elyvilon
Fedhas
Gozag
Hepliaklqana
Kikubaaqudgha
Makhleb
Nemelex Xobeh
Okawaru
Qazlal
Ru
Sif Muna
Trog
Uskayaw
Vehumet
Wu Jian
Xom
Yredelemnul
Zin
The Shining One
Jiyva

Shops:
Orc:2 :}!(%

Portals:
Pandemonium: Orc:2
Trove: D:11 (give 2 scrolls of acquirement)

Annotations:
D:14 Azrael


Innate Abilities, Weirdness & Mutations

You cannot wear armour.
You are incapable of wielding weapons or throwing items.
Your paws allow you to move quietly. (Stealth)
You have sharp claws.
You have razor-sharp teeth.
You have supernaturally acute eyesight. (SInv)
You are carnivorous and can eat meat at any time.
You cover ground quickly.
Your thick and shaggy fur keeps you warm. (AC +3, rC+)
You have a slow metabolism.
Your sharp claws are effective at attacking unaware monsters.
You are partially covered in iridescent scales. (AC +2)
Your system is resistant to poisons. (rPois)


Message History

* * * LOW HITPOINT WARNING * * *
As you read the scroll of teleportation, it crumbles to dust.
You feel strangely unstable.
The fire elemental completely misses you.
The fire elemental closely misses you.
You scratch the catoblepas but do no damage.
The catoblepas misses you. The hell hound breathes flames at you.
The blast of flame hits the fire elemental.
The fire elemental completely resists.
The blast of flame misses you.
The fire elemental completely misses you.
The catoblepas misses you. The hell hound breathes flames at you.
The blast of flame hits you!
* * * LOW HITPOINT WARNING * * *
You emit a cloud of dark smoke.
The catoblepas barely misses you. Azrael gestures at you.
The fireball explodes!
The fireball engulfs you!
Ouch! That really hurt!
You die...

#.# ####'###.#.#[##'#...#
#.########.. #.#.#....#.#.#
##.......###. #.#.######.#.#
†)..####.# #.##.#..§.......#
###.####.# ..#.#..§....##.#
# #<.....####.#.'.Rh.......#
####.#....÷.#.#.#.......####
............'...§.......#
............#[.§@§.....[##
######....).##.§E###.....#
#...[..##.Y§# #####§#
#......####h##### #§#####
#......# #.§§§.# #.§§§.#
#......# #####.#######§#
######## #.§§§§.##h#
######§.§§# ######


You could see Azrael, a catoblepas, a fire elemental and 2 hell hounds.

Vanquished Creatures
  Rupert (D:13)
  Kirke (Lair:4)
  A dire elephant (Lair:6)
  An ettin (Orc:2)
  A minotaur (Lab)
  7 hydras
  An ice dragon (D:14)
  An ice dragon (shapeshifter) (D:14)
  A catoblepas (Lair:6)
  A centaur warrior (D:14)
  The ghost of marriedatthemol the Geomancer, a journeyman GrEE of Vehumet (D:12)
  A deep troll shaman (Lair:6)
  An ogre mage (Orc:2)
  A tengu warrior (D:14)
  3 two-headed ogres
  3 death yaks (Lair:6)
  The ghost of brknglss the Geomancer, a novice OpEE of Vehumet (D:9)
  Urug (D:11)
  4 orc high priests (Orc:2)
  A soul eater (Orc:2)
  A sixfirhy (Orc:2)
  8 skeletal warriors
  2 unseen horrors
  3 infernal demonspawn (Orc:2)
  A deep troll (D:14)
  A torturous demonspawn (Orc:2)
  Pikel (D:4)
  6 orc knights
  2 wolf spider zombies
  8 orc sorcerers
  8 ugly things
  A manticore (D:14)
  4 cyclopes
  3 centaur zombies
  3 elephants (Lair:6)
  3 black mambas
  4 molten gargoyles (D:14)
  2 gargoyles
  14 spiny frogs
  A smoke demon (Orc:2)
  The ghost of exolun the Destroyer, a novice DgCj (D:4)
  An efreet (D:13)
  3 rime drakes
  A freezing wraith (D:13)
  4 kobold demonologists
  7 komodo dragons
  2 ice devils (Orc:2)
  7 trolls
  A merfolk (D:9)
  Prince Ribbit (D:5)
  6 hippogriffs
  12 polar bears
  4 slime creatures (D:12)
  15 blink frogs
  A snapping turtle (Lair:3)
  A centaur simulacrum (D:10)
  5 wyverns
  2 wraiths
  38 yaks
  Sigmund (D:2)
  A vampire (D:13)
  3 hogs (Lair:4)
  A basilisk (shapeshifter) (D:14)
  5 basilisks
  A fire elemental (D:14)
  2 hungry ghosts (D:11)
  2 vampire mosquitoes (D:14)
  A neqoxec (Orc:2)
  3 nagas (Lair:4)
  Menkaure (D:4)
  3 wargs (Orc:2)
  2 soldier ants
  An acid dragon (D:13)
  6 water moccasins
  A hell hound (D:14)
  7 ice beasts
  2 porcupines (Lair:1)
  2 eyes of draining
  43 orc warriors
  6 sky beasts
  A slave (D:4)
  7 black bears
  16 ogres
  A necrophage (D:8)
  A phantom (D:11)
  13 wolves
  A centaur (D:5)
  16 crocodiles
  Blork the orc (D:7)
  14 bullfrogs
  10 big kobolds
  A gnoll sergeant (D:7)
  A wyvern zombie (D:10)
  3 scorpions
  A water moccasin skeleton (D:11)
  4 killer bees (D:9)
  A vampire bat (D:4)
  9 wights
  5 electric eels
  3 crimson imps
  4 bullfrog zombies
  12 hounds
  A quasit (D:9)
  2 centaur skeletons
  Crazy Yiuf (D:2)
  A jelly (D:13)
  A bullfrog skeleton (D:10)
  28 orc priests
  28 orc wizards
  Jessica (D:2)
  5 iguanas
  10 worker ants
  A bullfrog simulacrum (D:10)
  A hound zombie (D:8)
  A hound skeleton (D:5)
  A worker ant zombie (D:11)
  Robin (D:3)
  7 gnolls
  17 adders
  2 howler monkey skeletons
  2 river rats (Sewer)
  4 shadow imps
  3 white imps (D:10)
  A worker ant simulacrum (D:10)
  An ufetubus (D:10)
  6 oozes (Sewer)
  2 adder skeletons
  3 worms
  2 dart slugs
  7 leopard geckos
  92 orcs
  4 ball pythons
  19 bats
  8 giant cockroaches
  13 goblins
  14 hobgoblins
  7 jackals
  30 kobolds
  7 quokkas
  4 frilled lizards
  A giant cockroach zombie (D:5)
  6 rats
  A plant (Lair:6)
786 creatures vanquished.

Vanquished Creatures (others)
  A fire elemental (D:14)
  2 slaves (D:4)
  A centaur skeleton (D:4)
  2 orc wizards (D:14)
  2 adders (D:4)
  11 fulminant prisms (Orc:2)
  5 fungi
  15 plants
39 creatures vanquished.

Grand Total: 825 creatures vanquished

Notes
Turn   | Place    | Note
-------+----------+-------------------------------------------
     0 | D:1      | Evablue the Felid Enchanter began the quest for the Orb.
     0 | D:1      | Reached XP level 1. HP: 7/7 MP: 4/4
    63 | D:1      | Reached skill level 1 in Fighting
   319 | D:1      | Reached XP level 2. HP: 10/12 MP: 6/6
   323 | D:1      | Learned a level 2 spell: Ensorcelled Hibernation
   876 | D:1      | Reached XP level 3. HP: 6/15 MP: 7/7
  1531 | D:2      | Noticed Sigmund
  1533 | D:2      | Noticed Jessica
  1540 | D:2      | Killed Sigmund
  1540 | D:2      | Reached XP level 4. HP: 2/19 MP: 5/8
  1540 | D:2      | Reached XP level 5. HP: 3/22 MP: 5/9
  1543 | D:2      | Killed Jessica
  1543 | D:2      | Reached skill level 5 in Unarmed Combat
  2699 | D:2      | Found a runed door.
  2747 | D:2      | Found a faded altar of an unknown god.
  2939 | D:2      | Noticed Crazy Yiuf
  2944 | D:2      | Killed Crazy Yiuf
  2944 | D:2      | Gained mutation: You are covered in thick fur. (AC +2) [Felid growth]
  2944 | D:2      | Reached XP level 6. HP: 25/25 MP: 10/10
  3131 | D:3      | Reached skill level 1 in Ice Magic
  3419 | D:3      | Noticed Robin
  3471 | D:3      | Killed Robin
  4735 | D:3      | Learned a level 3 spell: Confuse
  4739 | D:3      | Learned a level 3 spell: Dazzling Spray
  4747 | D:4      | Noticed Pikel
  4747 | D:4      | Noticed a slave
  4747 | D:4      | Noticed a slave
  4747 | D:4      | Noticed a slave
  4749 | D:4      | Noticed a slave
  4772 | D:4      | Killed a slave
  4773 | D:4      | Killed Pikel
  4773 | D:4      | Reached XP level 7. HP: 31/34 MP: 3/11
  4793 | D:4      | Found a glowing drain.
  4834 | Sewer    | Entered a sewer
  4948 | Sewer    | Reached skill level 5 in Stealth
  5124 | Sewer    | Reached XP level 8. HP: 38/38 MP: 9/12
  5261 | Sewer    | Reached skill level 6 in Stealth
  5368 | Sewer    | Reached skill level 7 in Stealth
  5565 | Sewer    | Reached skill level 8 in Stealth
  5803 | D:4      | Noticed Menkaure
  5814 | D:4      | Killed Menkaure
  5814 | D:4      | Reached skill level 9 in Stealth
  6051 | D:4      | Noticed exolun's ghost (novice DgCj)
  6060 | D:4      | Killed exolun's ghost
  6251 | D:4      | Reached skill level 10 in Stealth
  6323 | D:4      | Reached skill level 5 in Hexes
  6785 | D:5      | Entered Level 5 of the Dungeon
  6785 | D:5      | Noticed Prince Ribbit
  6787 | D:5      | Killed Prince Ribbit
  6787 | D:5      | Reached XP level 9. HP: 41/41 MP: 13/13
  6790 | D:5      | Found a staircase to the Ecumenical Temple.
  6794 | D:5      | Found a glowing golden altar of the Shining One.
  6796 | D:5      | Found a radiant altar of Vehumet.
  6799 | D:5      | Found a shattered altar of Ashenzari.
  7401 | D:5      | Found a hazy altar of Hepliaklqana.
  7703 | Temple   | Entered the Ecumenical Temple
  7980 | D:6      | Found a shattered altar of Ashenzari.
  8476 | D:6      | Found a burning altar of Makhleb.
  8485 | D:6      | Found a shadowy altar of Dithmenos.
  8493 | D:6      | Became a worshipper of Dithmenos the Shadowed
  8625 | D:7      | Noticed Blork the orc
  8637 | D:7      | Killed Blork the orc
  9165 | D:7      | Learned a level 3 spell: Regeneration
  9832 | D:7      | Reached * piety under Dithmenos
 10174 | D:8      | Reached XP level 10. HP: 45/45 MP: 17/17
 10497 | D:8      | Reached skill level 5 in Dodging
 10775 | D:9      | Found a blossoming altar of Fedhas.
 10983 | D:9      | Noticed brknglss's ghost (novice OpEE)
 10996 | D:9      | Killed from afar by an electric eel
 10997 | D:9      | Reached XP level 9. HP: -5/40 MP: 15/16
 11161 | D:9      | Reached ** piety under Dithmenos
 11495 | D:10     | Entered Level 10 of the Dungeon
 11515 | D:9      | Killed brknglss's ghost
 11679 | D:9      | Reached skill level 10 in Dodging
 11730 | D:9      | Reached XP level 10. HP: 45/45 MP: 4/17
 11793 | D:9      | Found an opulent altar of Gozag.
 11794 | D:9      | Noticed a skeletal warrior
 11794 | D:9      | Noticed a skeletal warrior
 11799 | D:9      | Killed a skeletal warrior
 11799 | D:9      | Reached skill level 11 in Stealth
 11801 | D:9      | Killed a skeletal warrior
 11801 | D:9      | Reached skill level 12 in Stealth
 11802 | D:9      | Noticed a skeletal warrior
 11808 | D:9      | Killed a skeletal warrior
 12210 | D:9      | Found a staircase to the Orcish Mines.
 12332 | D:10     | Reached *** piety under Dithmenos
 12766 | D:10     | Reached skill level 10 in Hexes
 12983 | D:10     | Found a staircase to the Lair.
 13018 | D:10     | Noticed an unseen horror
 13019 | D:10     | Killed an unseen horror
 13019 | D:10     | Reached XP level 11. HP: 48/48 MP: 18/18
 13588 | D:10     | Reached **** piety under Dithmenos
 13932 | D:10     | Reached skill level 10 in Unarmed Combat
 14296 | Lair:1   | Entered Level 1 of the Lair of Beasts
 16283 | Lair:2   | Got a transparent sapphire amulet
 16433 | Lair:2   | Identified the amulet of the Queen {Regen+ MP+9 Dex-2 SInv} (You found it on level 2 of the Lair of Beasts)
 16473 | Lair:2   | Reached ***** piety under Dithmenos
 16874 | Lair:2   | Gained mutation: Your thick and shaggy fur keeps you warm. (AC +3, rC+) [Felid growth]
 16874 | Lair:2   | Reached XP level 12. HP: 40/55 MP: 19/19
 17176 | Lair:3   | Noticed a seven-headed hydra
 17182 | Lair:3   | Killed a seven-headed hydra
 17185 | Lair:3   | Found a sparkling altar of Nemelex Xobeh.
 17381 | Lair:3   | Reached skill level 13 in Stealth
 17507 | Lair:3   | Slain by a black mamba
 17508 | Lair:3   | Reached XP level 11. HP: -1/51 MP: 24/27
 17622 | Lair:3   | Found a staircase to the Shoals.
 17877 | Lair:4   | Reached skill level 14 in Stealth
 18189 | Lair:4   | Reached skill level 15 in Stealth
 18254 | Lair:4   | Found a staircase to the Snake Pit.
 18510 | Lair:4   | Reached XP level 12. HP: 55/55 MP: 19/19
 18591 | Lair:4   | Noticed Kirke
 18690 | Lair:4   | Noticed a seven-headed hydra
 18753 | Lair:4   | Killed a seven-headed hydra
 18939 | Lair:4   | Killed Kirke
 19291 | Lair:5   | Noticed a six-headed hydra
 19308 | Lair:5   | Killed a six-headed hydra
 19546 | Lair:5   | Found a viscous altar of Jiyva.
 19546 | Lair:5   | Found a staircase to the Slime Pits.
 19737 | Lair:6   | Entered Level 6 of the Lair of Beasts
 19841 | Lair:5   | Reached ****** piety under Dithmenos
 20008 | Lair:6   | Noticed a five-headed hydra
 20024 | Lair:6   | Killed a five-headed hydra
 20455 | Lair:6   | Reached skill level 15 in Dodging
 20460 | Lair:6   | Reached XP level 13. HP: 46/58 MP: 6/20
 20701 | Lair:6   | Reached skill level 5 in Spellcasting
 20851 | Lair:6   | Noticed a dire elephant
 21398 | Lair:6   | Killed a dire elephant
 21870 | Orc:1    | Entered Level 1 of the Orcish Mines
 22529 | Orc:2    | Entered Level 2 of the Orcish Mines
 22529 | Orc:2    | Found a staircase to the Elven Halls.
 22529 | Orc:2    | Found Replipenyrph's Book Boutique.
 22584 | Orc:2    | Learned a level 4 spell: Fulminant Prism
 22641 | Orc:2    | Reached skill level 1 in Conjurations
 22947 | Orc:2    | Noticed an ettin
 22952 | Orc:2    | Killed an ettin
 23387 | Orc:2    | Found Ziofriwk's Food Boutique.
 23394 | Orc:2    | Gained mutation: You do not regenerate when monsters are visible. [a neqoxec]
 23397 | Orc:2    | Gained mutation: You are frail. (-10% HP) [a neqoxec]
 23409 | Orc:2    | Found Abiliaqa's Distillery.
 23937 | Orc:1    | Lost mutation: You are frail. (-10% HP) [potion of mutation]
 23937 | Orc:1    | Lost mutation: You do not regenerate when monsters are visible. [potion of mutation]
 23937 | Orc:1    | Gained mutation: Your system is resistant to poisons. (rPois) [potion of mutation]
 23937 | Orc:1    | Gained mutation: You are partially covered in iridescent scales. (AC +2) [potion of mutation]
 24200 | Orc:2    | Reached skill level 5 in Conjurations
 24516 | Orc:2    | Reached skill level 16 in Stealth
 24958 | Orc:2    | HP: 1/58 [orc knight/great mace (19)]
 25148 | Orc:2    | Reached XP level 14. HP: 62/62 MP: 25/25
 25162 | Orc:2    | Reached skill level 17 in Stealth
 25425 | Orc:2    | Found Ugainua's Gadget Emporium.
 25425 | Orc:2    | Found Irext's Antique Weapon Shoppe.
 25426 | Orc:2    | Found a one-way gate leading to the halls of Pandemonium.
 25432 | Orc:2    | Reached skill level 18 in Stealth
 25469 | Orc:2    | Killed from afar by a soul eater
 25470 | Orc:2    | Reached XP level 13. HP: -6/58 MP: 13/33
 25726 | D:11     | Found a labyrinth entrance.
 25729 | D:11     | Noticed Urug
 25737 | D:11     | Killed Urug
 25762 | Lab      | Entered a labyrinth
 26385 | Lab      | Noticed a minotaur
 26389 | Lab      | Killed a minotaur
 26423 | Lab      | Learned a level 2 spell: Blink
 26740 | D:11     | Learned a level 6 spell: Statue Form
 26918 | D:11     | Reached skill level 1 in Transmutations
 27167 | D:11     | Found a portal to a secret trove of treasure.
 27506 | D:12     | Noticed marriedatthemol's ghost (journeyman GrEE)
 27511 | D:12     | Killed from afar by marriedatthemol's ghost
 27512 | D:12     | Reached XP level 12. HP: -18/55 MP: 27/32
 27536 | D:12     | Killed a seven-headed hydra
 27574 | D:12     | Killed marriedatthemol's ghost
 27574 | D:12     | Reached skill level 5 in Transmutations
 28015 | D:13     | Noticed Rupert
 28019 | D:13     | Killed Rupert
 28019 | D:13     | Reached XP level 13. HP: 58/58 MP: 24/24
 28411 | D:13     | Reached skill level 1 in Earth Magic
 29120 | D:14     | Reached skill level 5 in Earth Magic
 29225 | D:14     | Noticed Azrael
 29252 | D:14     | Found a stormy altar of Qazlal.
 29751 | D:14     | Found a gate to the Vaults.
 29951 | D:14     | Reached XP level 14. HP: 62/62 MP: 25/25
 30066 | D:14     | HP: 1/62 [hell hound/blast of flame[Azrael] (16)]
 30067 | D:14     | Killed from afar by Azrael

Vault maps used:
D:1:      scummos_arrival_gate, serial_forest, infiniplex_forest_lined_2,
          infiniplex_forest_clump_long, infiniplex_forest_straight_2,
          infiniplex_forest_join, infiniplex_forest_clump_curved,
          infiniplex_forest_clump_curved, infiniplex_forest_clump_long,
          infiniplex_forest_clump_diagonal, infiniplex_forest_straight_3,
          feat_on_display
D:2:      chequers_ecumenical_altar_simple_redux, first_ration, uniq_sigmund,
          uniq_crazy_yiuf_cottage, uniq_jessica
D:3:      feat_on_display, uniq_robin
D:4:      cheibrodos_helix_gallery, portal_sewer_entry_f, roderic_batcave,
          uniq_menkaure, uniq_pikel
D:5:      nicolae_overflow_hidden_temple, lemuel_doored_altar, temple_pool_b,
          minmay_small_thing, uniq_prince_ribbit1
D:6:      amethyst_overflow_temple_binary, ashenzari_altar_1
D:7:      abandoned_shop, sword_in_stone
D:9:      nicolae_gozag_seed_capital, kennysheep_mini_moat, erik_orc_2,
          hangedman_fish_farm, nooodl_food_tri
D:10:     erik_lair_island, serial_ice, serial_ice_g, serial_ice_m,
          serial_ice_a, serial_ice_j, serial_ice_d, serial_ice_h, serial_ice_o
D:11:     lemuel_upstairs_altar, enter_trove_6, lab_entry_generic, uniq_urug
D:13:     serial_aquarium, aquarium_bridge_square, aquarium_window_1,
          aquarium_window_1, aquarium_view_2f, aquarium_view_2e, uniq_rupert
D:14:     cheibrodos_statue_roulette, david_vaults_4, old_standard_altar,
          uniq_azrael
Temple:   eino_narrow_crystal_temple
Lair:2:   beast_lair_carwin_large_4, lemuel_fruit_fields
Lair:3:   minmay_shoals_entry_hut, basic_altar
Lair:4:   guppyfry_snake_entry_island, serial_forest, infiniplex_forest_lined_3,
          infiniplex_forest_clump_large, infiniplex_forest_zigzag_1,
          infiniplex_forest_clump_medium, infiniplex_forest_corner_2,
          lemuel_fruit_tree, uniq_kirke
Lair:5:   dpeg_slime_entry_enclosed_altar
Lair:6:   grunt_lair_end_beastmaster
Orc:2:    pf_orc_diabolical, serial_shops, shop, mines4_lemuel
Lab:      labyrinth_glass_2, nicolae_lab_grate_2, labyrinth_lava_lair
Sewer:    sewer_co_tree

Skill      XL: |  1  2  3  4  5  6  7  8  9 10 11 12 13 14 |
---------------+-------------------------------------------+-----
Fighting       | 1 6 7 |  7.6
Unarmed Combat | 2 4 5 6 9 12 13 | 13.2
Ice Magic      | 1 |  1.0
Stealth        | 5 10 12 15 13 16 18 | 18.7
Hexes          | 7 8 10 | 10.8
Spellcasting   | 4 7 |  7.0
Dodging        | 10 7 11 15 | 15.0
Conjurations   | 5 |  5.0
Transmutations | 6 7 |  7.0
Earth Magic    | 7 |  7.6

Action                   |  1- 3 |  4- 6 |  7- 9 | 10-12 | 13-15 || total
-------------------------+-------+-------+-------+-------+-------++-------
Melee: Unarmed           |    53 |   182 |   426 |   631 |   750 ||  2042
       Bite              |     1 |    18 |    25 |    47 |    43 ||   134
       Punch             |     1 |     5 |     5 |    21 |    32 ||    64
 Cast: Ensorcelled Hiber |     1 |    40 |    53 |   171 |   130 ||   395
       Confuse           |       |     1 |    34 |    76 |    50 ||   161
       Corona            |       |       |       |     1 |     1 ||     2
       Dazzling Spray    |       |       |       |       |    52 ||    52
       Fulminant Prism   |       |       |       |       |    11 ||    11
Evoke: Wand              |       |       |       |       |     1 ||     1
  Use: Scroll            |       |       |       |     9 |    13 ||    22
       Potion            |       |       |       |       |     1 ||     1
 Stab: Sleeping          |    14 |    36 |    47 |   145 |   169 ||   411
       Confused          |       |     1 |    15 |    45 |    15 ||    76
       Distracted        |       |       |     2 |     4 |     9 ||    15
       Invisible         |       |       |       |       |     9 ||     9
       Petrified         |       |       |       |       |     1 ||     1
  Eat: Chunk             |       |    14 |    17 |    31 |    17 ||    79
Armor: Skin              |     4 |     6 |    14 |    25 |    42 ||    91
Dodge: Dodged            |    28 |   136 |   364 |   693 |   764 ||  1985

Table legend:
 A = Spawn XP
 B = Non-spawn XP
 C = Spawn XP percentage of total XP
 D = Spawn monster count
 E = Non-spawn monster count
 F = Spawn count percentage of total count
 G = Total turns spent on level
                    A         B        C        D         E        F      G
               +---------+---------+-------+---------+---------+-------+---------
         Total |       0 |  133372 |   0.0 |       0 |     785 |   0.0 | 30067
               +---------+---------+-------+---------+---------+-------+---------
           D:1 |       0 |      43 |   0.0 |       0 |      23 |   0.0 |  1736
           D:2 |       0 |     354 |   0.0 |       0 |      30 |   0.0 |  1402
           D:3 |       0 |     255 |   0.0 |       0 |      43 |   0.0 |  1602
           D:4 |       0 |    1298 |   0.0 |       0 |      27 |   0.0 |  1164
           D:5 |       0 |     944 |   0.0 |       0 |      17 |   0.0 |  1176
           D:6 |       0 |     635 |   0.0 |       0 |      15 |   0.0 |  1193
           D:7 |       0 |    1196 |   0.0 |       0 |      27 |   0.0 |   713
           D:8 |       0 |    1168 |   0.0 |       0 |      17 |   0.0 |   765
           D:9 |       0 |    7993 |   0.0 |       0 |      59 |   0.0 |  2497
          D:10 |       0 |    4844 |   0.0 |       0 |      54 |   0.0 |  1185
          D:11 |       0 |    4218 |   0.0 |       0 |      28 |   0.0 |   999
          D:12 |       0 |    7487 |   0.0 |       0 |      29 |   0.0 |   669
          D:13 |       0 |   14020 |   0.0 |       0 |      48 |   0.0 |  1084
          D:14 |       0 |   16155 |   0.0 |       0 |      50 |   0.0 |   985
        Lair:1 |       0 |    1563 |   0.0 |       0 |       9 |   0.0 |  1208
        Lair:2 |       0 |    6306 |   0.0 |       0 |      28 |   0.0 |  1519
        Lair:3 |       0 |    5429 |   0.0 |       0 |      18 |   0.0 |   922
        Lair:4 |       0 |   11702 |   0.0 |       0 |      40 |   0.0 |  1242
        Lair:5 |       0 |    5940 |   0.0 |       0 |      21 |   0.0 |   975
        Lair:6 |       0 |   12137 |   0.0 |       0 |      28 |   0.0 |  1658
         Orc:1 |       0 |    2630 |   0.0 |       0 |      34 |   0.0 |   854
         Orc:2 |       0 |   24601 |   0.0 |       0 |     107 |   0.0 |  2799
           Lab |       0 |    1850 |   0.0 |       0 |       5 |   0.0 |   662
         Sewer |       0 |     604 |   0.0 |       0 |      28 |   0.0 |   881
               +---------+---------+-------+---------+---------+-------+---------
